 Dungeon Crawl Stone Soup version 0.27.1-1-g398f81649c (webtiles) character file.

Game seed: 6295750737214703401

43 EBASHER the Skirmisher (level 3, 0/33 HPs)
             Began as a Hill Orc Fighter on Sept 8, 2021.
             Succumbed to an adder's poison
             ... on level 3 of the Dungeon.
             The game lasted 00:11:47 (873 turns).

EBASHER the Skirmisher (Hill Orc Fighter)            Turns: 873, Time: 00:11:48

Health: 0/33       AC:  8    Str: 19    XL:     3   Next: 58%
Magic:  3/3        EV:  7    Int:  8    God:
Gold:   25         SH:  9    Dex: 10    Spells: 3/3 levels left

rFire    . . .     SeeInvis .   a - +0 war axe
rCold    . . .     Faith    .   e - +0 kite shield
rNeg     . . .     Spirit   .   b - +0 scale mail
rPois    .         Reflect  .   (no helmet)
rElec    .         Harm     .   h - +0 cloak
rCorr    .         Rampage  .   (no gloves)
Will     .....                  (no boots)
Stlth    ..........             (no amulet)
HPRegen  0.11/turn              (no ring)
MPRegen  0.08/turn              (no ring)

@: lethally poisoned (0 -> -2)
A: no striking features
a: no special abilities


You were on level 3 of the Dungeon.
You visited 1 branch of the dungeon, and saw 3 of its levels.

You collected 56 gold pieces.
You spent 31 gold pieces at shops.

Inventory:

Hand Weapons
 a - a +0 war axe (weapon)
Armour
 b - a +0 scale mail (worn)
 e - a +0 kite shield (worn)
 h - a +0 cloak (worn)
Potions
 c - a potion of attraction {unknown}
 d - a potion of might
 f - a potion of resistance {unknown}
 g - a potion of brilliance


   Skills:
 * Level 4.3 Fighting
 + Level 3.5 Axes
 + Level 3.4 Armour
 + Level 0.1 Dodging
 + Level 3.5 Shields
 * Level 0.5 Spellcasting


You had 3 spell levels left.
You didn't know any spells.
Your spell library was empty.

Dungeon Overview and Level Annotations

Branches:
Dungeon (3/15)

Altars:

Shops:
D:1 *


Message History

* * * LOW HITPOINT WARNING * * *
You are poisoned.
The adder poisons you! The orc hits you with a +0 club.
* * * LOW HITPOINT WARNING * * *
The orc barely misses you.
You are too injured to fight recklessly!
Unknown command.
You are too injured to fight recklessly!
Your scale mail prevents you from hitting the orc.
The orc is moderately wounded.
You closely miss the adder. You hit the orc.
* * * LOW HITPOINT WARNING * * *
You feel sick. The adder bites you but does no damage.
You block the orc's attack. x2; The adder bites you but does no damage.
The orc hits you but does no damage. x2
The adder bites you but does no damage.
Unknown command.
You are too injured to fight recklessly!
Unknown command.
You are too injured to fight recklessly!
Unknown command.
Unknown command.
You are too injured to fight recklessly!
Unknown command.
You are too injured to fight recklessly!
Unknown command.
You are too injured to fight recklessly!
Unknown command.
You are too injured to fight recklessly!
Unknown command.
Unknown command.
You are too injured to fight recklessly!
Unknown command.
You are too injured to fight recklessly!
You closely miss the orc.
The orc is moderately wounded.
You slash the orc!
You kill the orc!
You miss the adder.
You die...

### ### ... #..
##.#########.#
##..........#.#
#.....#o##..#.#########
#.)Sgo.....<...o..o
##@o##.##.#.####o##
##.o.........##.##
.(...###..#.##.##
#.###..# #.)#.##o## .#
#..# #..#...... #. #.<#
#......... #
#..####.#.##.##
#.......#.##.#.
#)#####.#.##.#.


You could see an adder, 4 orcs and a hobgoblin.

Vanquished Creatures
  A dart slug (D:1)
  2 orcs (D:3)
  9 ball pythons
  5 bats
  3 endoplasms (D:1)
  A giant cockroach (D:1)
  5 hobgoblins (D:1)
  3 kobolds (D:1)
  A frilled lizard (D:1)
  4 goblins
  2 rats (D:1)
36 creatures vanquished.

Notes
Turn   | Place    | Note
-------+----------+-------------------------------------------
     0 | D:1      | EBASHER the Hill Orc Fighter began the quest for the Orb.
     0 | D:1      | Reached XP level 1. HP: 19/19 MP: 1/1
    54 | D:1      | Reached XP level 2. HP: 17/27 MP: 2/2
   183 | D:1      | Reached skill level 4 in Fighting
   332 | D:1      | Reached XP level 3. HP: 28/33 MP: 3/3
   467 | D:1      | Found Vefow's Assorted Antiques.
   473 | D:1      | Bought a scroll labelled BETTITITTA for 31 gold pieces
   873 | D:3      | Succumbed to an adder's poison

Illustrated notes

Levels and vault maps discovered:
D:1:      scummos_arrival_simple_fountains, layout_basic, serial_shops, shop,
          chequers_serial_rivers_small_a
D:2:      layout_loops_corners
D:3:      minmay_diamond_boxcup, layout_loops_ring, serial_glass,
          glass_columns_a, glass_columns_a

Skill      XL: |  1  2 |
---------------+-------+-----
Fighting       | 4 |  4.3
Axes           | 3 |  3.5
Armour         | |  3.4
Dodging        | |  0.1
Shields        | |  3.5
Spellcasting   | |  0.5

Action                   || total
-------------------------++-------
Melee: War axe           ||    73
  Use: Scroll            ||     2
Armor: Scale mail        ||    60
Dodge: Dodged            ||    28
Block: Kite shield       ||    62
